Map: 2000 Atmospheres LE

Players

Scarlett

  • Race: Zerg Zerg

Neeb - Winner!

  • Race: Protoss Protoss

Event: DreamHack SC2 Masters 2021 Fall

VOD

Have the link to the VOD?

Description

Time

  • Played on: Aug. 14, 2021, 4:55 p.m.
  • Length: 7:41

All games in this series

Show
View Real Time Build Order
Export as new Build Order

Scarlett Zerg 

Build Orders: Hatch First 

Get SALT Encoding   

  12  0:00  Drone  
  13  0:12  Overlord  
  13  0:17  Drone  
  14  0:30  Drone x2  
  16  0:47  Hatchery  
  15  0:50  Drone  
  15  0:54  Drone  
  17  0:57  Drone  
  18  1:09  Extractor  
  17  1:15  Drone  
  17  1:16  Spawning Pool  
  17  1:18  Drone  
  18  1:28  Drone  
  19  1:39  Drone  
  20  1:49  Drone  
  21  2:01  Overlord  
  21  2:02  Queen x2  
  21  2:03  Zergling x2  
  26  2:12  Drone x2  
  26  2:13  Metabolic Boost  
  28  2:23  Drone x2  
  30  2:34  Hatchery  
  29  2:37  Drone x2  
  31  2:44  Queen  
  31  2:48  Overlord  
  31  2:50  Drone  
  34  2:53  Drone  
  34  2:57  Drone  
  36  3:06  Queen  
  36  3:08  Zergling x2  
  36  3:10  Drone  
  36  3:11  Drone x2  
  36  3:12  Overlord  
  42  3:20  Queen  
  42  3:26  Overlord x2  
  44  3:31  Drone x2  
  46  3:37  Drone  
  46  3:39  Drone  
  48  3:41  Queen  
  48  3:46  Queen  
  48  3:47  Drone x2  
  54  3:51  Drone x2  
  54  3:55  Drone x2  
  58  3:57  Spore Crawler  
  58  4:00  Queen  
  60  4:02  Drone  
  60  4:03  Drone  
  61  4:10  Overlord x2  
  61  4:20  Drone  
  61  4:21  Drone x4  
  66  4:27  Overlord x2  
  65  4:39  Drone x5  
  65  4:45  Extractor x2, Queen  
  67  4:47  Roach Warren  
  67  4:48  Drone x4  
  67  4:52  Lair, Drone  
  73  4:53  Drone x2  
  73  4:56  Extractor  
  73  4:57  Zergling x8  
  73  4:58  Zergling x2  
  78  5:09  Drone x4  
  78  5:10  Drone  
  81  5:24  Drone x6  
  81  5:28  Hatchery  
  86  5:31  Drone x4  
  90  5:44  Drone x6  
  90  5:46  Extractor x2, Queen  
  96  5:52  Glial Reconstitution  
  96  5:53  Queen, Spire  
  97  6:02  Evolution Chamber  
  96  6:06  Queen, Overlord x2  
  96  6:07  Spore Crawler, Overlord  
  97  6:14  Overseer  
  97  6:15  Overlord x3  
  97  6:23  Queen  
  96  6:38  Drone x9  
  103  6:42  Queen x2  
  103  6:45  Drone x3  
  103  6:47  Roach  
  112  6:52  Roach x2  
  116  7:00  Roach x2  
  120  7:04  Drone x3  
  120  7:06  Spore Crawler  
  122  7:10  Overlord x4  
  128  7:22  Roach x6  
Show
View Real Time Build Order
Export as new Build Order

Neeb Protoss - Winner!

Build Orders: 1 Gate Expand, Oracle Opening, Zealot Archon 

Get SALT Encoding   

  12  0:00  Probe  
  13  0:12  Probe  
  14  0:19  Pylon  
  14  0:24  Probe  
  15  0:37  Probe (Chrono Boost)  
  15  0:38  Gateway  
  16  0:46  Probe (Chrono Boost)  
  16  0:47  Assimilator  
  17  0:51  Probe (Chrono Boost)  
  18  1:03  Probe  
  19  1:15  Probe  
  20  1:24  Nexus  
  20  1:33  Cybernetics Core  
  20  1:36  Probe  
  21  1:42  Assimilator  
  21  1:48  Probe  
  21  1:50  Pylon  
  22  2:00  Probe (Chrono Boost)  
  23  2:09  Adept  
  23  2:11  Probe (Chrono Boost)  
  23  2:12  Warp Gate  
  26  2:16  Probe (Chrono Boost)  
  27  2:27  Probe (Chrono Boost)  
  28  2:31  Stargate  
  28  2:36  Probe (Chrono Boost)  
  30  2:38  Probe (Chrono Boost)  
  30  2:39  Adept  
  33  2:45  Probe x2 (Chrono Boost)  
  33  2:50  Probe (Chrono Boost)  
  34  2:53  Probe  
  34  2:55  Pylon  
  36  3:02  Probe  
  36  3:05  Void Ray (Chrono Boost), Probe  
  38  3:09  Adept  
  40  3:14  Probe  
  40  3:18  Gateway  
  40  3:19  Probe  
  46  3:26  Probe  
  47  3:30  Pylon  
  47  3:31  Probe  
  48  3:38  Probe  
  48  3:39  Oracle (Chrono Boost)  
  49  3:44  Probe  
  53  3:50  Nexus  
  53  3:52  Probe  
  53  3:55  Pylon  
  54  3:58  Probe  
  55  4:02  Void Ray (Chrono Boost)  
  55  4:06  Probe  
  55  4:09  Assimilator  
  60  4:11  Assimilator  
  60  4:15  Probe  
  60  4:16  Pylon  
  61  4:18  Probe  
  62  4:27  Probe  
  62  4:30  Probe  
  64  4:35  Void Ray (Chrono Boost)  
  64  4:39  Probe  
  64  4:42  Probe  
  64  4:44  Zealot  
  72  4:46  Forge  
  72  4:47  Shield Battery  
  72  4:48  Twilight Council  
  72  4:51  Probe  
  73  4:54  Probe  
  74  5:03  Probe  
  74  5:04  Protoss Ground Weapons Level 1 (Chrono Boost), Probe  
  74  5:06  Probe  
  77  5:11  Gateway  
  77  5:13  Robotics Facility  
  77  5:15  Gateway  
  77  5:16  Probe x2  
  77  5:18  Probe  
  80  5:24  Charge (Chrono Boost)  
  80  5:28  Probe x2  
  78  5:30  Probe  
  78  5:33  Templar Archives  
  79  5:36  Pylon  
  79  5:40  Probe  
  79  5:42  Gateway  
  80  5:44  Gateway  
  80  5:53  Gateway  
  80  5:54  Gateway  
  80  5:58  Gateway  
  80  6:01  Observer (Chrono Boost)  
  80  6:02  Gateway  
  80  6:03  Gateway, Probe x2  
  83  6:05  Pylon  
  83  6:06  Probe  
  83  6:07  Assimilator  
  84  6:12  Assimilator  
  84  6:13  High Templar x2, Zealot x2  
  84  6:16  Probe x2  
  94  6:19  Probe  
  94  6:23  Archon  
  95  6:28  Probe  
  95  6:30  Warp Prism (Chrono Boost)  
  97  6:36  High Templar x2  
  97  6:38  Pylon  
  102  6:41  Pylon  
  102  6:43  Pylon, Archon  
  102  6:44  Pylon  
  102  6:46  Zealot  
  102  6:47  Zealot x2  
  106  6:53  Pylon  
  108  6:54  Pylon  
  108  6:58  High Templar x2, Zealot x2  
  116  7:03  Archon  
  116  7:04  Zealot x2  
  120  7:20  Zealot x7  
  134  7:24  Zealot  
  134  7:25  Zealot  
  134  7:26  Pylon  
  138  7:30  Zealot x2  

Tags
 
Add a new tag
Caveats
  • Supply blocks, unpowered buildings, or Contaminate may cause inaccurate times.
  • Supply counts are checked every 10 seconds.